 Dungeon Crawl Stone Soup version 0.28-a0-895-g6e5f11bd55 (webtiles) character file.

Game seed: 8212817532385284162

168 oldriver the Magician (level 5, -3/38 HPs)
             Began as a Djinni Conjurer on Nov 22, 2021.
             Slain by a sky beast (5 damage)
             ... on level 6 of the Dungeon.
             The game lasted 00:04:45 (3433 turns).

oldriver the Magician (Djinni Conjurer)             Turns: 3433, Time: 00:04:46

Health: -3/38      AC:  2    Str:  6    XL:     5   Next: 77%
Gold:   103        EV: 12    Int: 21    God:
                   SH:  0    Dex: 11

rFire   + + .      SeeInvis .   (no weapon)
rCold   x . .      Faith    .   (no shield)
rNeg    . . .      Spirit   .   a - +0 robe
rPois   ∞          Reflect  .   (no helmet)
rElec   .          Harm     .   (no cloak)
rCorr   .          Rampage  .   (no gloves)
Will    .....                   (boots unavailable)
Stlth   ++........              (no amulet)
HPRegen 0.12/turn               (no ring)
MPRegen 0.00/turn               (no ring)

@: flying
A: sickness immunity, fire resistance 2, cold vulnerability 1, float, innate
caster, hp casting, extra vitality 1
a: no special abilities


You were on level 6 of the Dungeon.
You visited 1 branch of the dungeon, and saw 4 of its levels.

You collected 103 gold pieces.

Inventory:

Armour
 a - a +0 robe (worn)
Jewellery
 h - a ring of protection from fire
Scrolls
 d - a scroll of silence {unknown}
 e - a scroll of enchant armour {unknown}
 f - a scroll of summoning {unknown}
 j - a scroll of amnesia {unknown}
 k - a scroll of teleportation {unknown}
 l - a scroll of noise {unknown}
Potions
 b - a potion of invisibility {unknown}
 c - a potion of curing
 g - a potion of haste {unknown}
 i - a potion of attraction {unknown}


   Skills:
 * Level 2.0 Fighting
 - Level 2.1 Dodging
 - Level 1.5 Stealth
 + Level 4.8 Spellcasting


You couldn't memorise any spells.
You knew the following spells:

 Your Spells              Type           Power      Damage    Failure   Level
a - Magic Dart            Conj           100%       1d8       1%          1
b - Searing Ray           Conj           50%        2d6       2%          2
c - Dazzling Flash        Conj/Hex       50%        N/A       4%          3
d - Fulminant Prism       Conj/Hex       12%        3d9       14%         4
e - Iskenderun's Mystic   Conj/Tloc      25%        2d7       14%         4
f - Shock                 Conj/Air       100%       1d9       1%          1
g - Call Imp              Summ           25%        N/A       2%          2
Your spell library was empty.

Dungeon Overview and Level Annotations

Branches:
Dungeon (3/15)

Altars:


Innate Abilities, Weirdness & Mutations

You are immune to sickness and miasma.
You are immune to poison.
Your flesh is very heat resistant. (rF++)
You are vulnerable to cold. (rC-)
You float through the air rather than walking.
You learn spells naturally, not from books.
Your magical power is your life essence.
You have superior vitality. (+4 HP)


Message History

Casting: Call Imp (safe; 2% risk of failure)
Confirm with . or Enter, or press ? or * to list all spells.
Aiming: Magic Dart (safe; 1% risk of failure)
Press: ? - help, Shift-Dir - straight line, f - orc
Aim: an orc, wielding a +0 club, wearing a +0 leather armour and carrying a wand of iceblast (6) (100% to hit)
The magic dart hits the orc.
The orc is almost dead.
The orc drinks a potion.
The orc is healed!
The orc zaps a wand.
The mass of ice explodes!
The iceblast engulfs something!
The iceblast engulfs you.
The orc zaps a wand.
The mass of ice explodes!
The iceblast engulfs your crimson imp!
Your crimson imp is frozen!
Unknown command.
A sky beast appears from thin air!
Reactivating autopickup.
Your crimson imp blinks!
Casting: Magic Dart (safe; 1% risk of failure)
Confirm with . or Enter, or press ? or * to list all spells.
Casting: Dazzling Flash (dangerous; 4% risk of failure)
Press: ? - help, Dir - look around, f - activate The sky beast is dazzled.
The sky beast hits you. The sky beast shocks you.
* * * LOW HITPOINT WARNING * * *
Unknown command.
Casting: Dazzling Flash (dangerous; 4% risk of failure)
Confirm with . or Enter, or press ? or * to list all spells.
Aiming: Searing Ray (safe; 2% risk of failure)
Press: ? - help, Shift-Dir - straight line, f - sky beast
Aim: a sky beast (heavily wounded, blind, 71% to hit)
The searing ray hits the sky beast.
The sky beast is heavily wounded. (Press . to maintain the ray.)
* * * LOW HITPOINT WARNING * * *
The sky beast barely misses you.
The searing ray misses the sky beast.
* * * LOW HITPOINT WARNING * * *
Your crimson imp barely misses the orc.
The sky beast hits you.
* * * LOW HITPOINT WARNING * * *
The sky beast shocks you.
You die...

............)...########.###
##############.............#
#........########
#.#.####.#####.#
#.#............#
#.######.#####.#
###########.# #.#
##........##.######.#
.........5o....Y@>#.#
..........##.####.#.#
..........##.# .#.#
.......5..##.# ....
..........##.# ...#
....o.....##.. ...#
....########## #..# ...# ..#
...


You could see a sky beast (blind, ally target), an orc and a friendly crimson
imp (summoned).

Vanquished Creatures
  An ice beast (D:6)
  2 adders
  A worm (D:2)
  A dart slug (D:2)
  6 orcs
  5 endoplasms
  3 giant cockroaches
  7 goblins
  3 hobgoblins
  3 jackals (D:1)
  4 ball pythons (D:2)
  5 bats
  2 frilled lizards
  3 rats
46 creatures vanquished.

Notes
Turn   | Place    | Note
-------+----------+-------------------------------------------
     0 | D:1      | oldriver the Djinni Conjurer began the quest for the Orb.
     0 | D:1      | Reached XP level 1. HP: 15/15 MP: 0/0
   190 | D:1      | Reached XP level 2. HP: 6/22 MP: 0/0
  1447 | D:2      | Reached XP level 3. HP: 21/26 MP: 0/0
  1447 | D:2      | Learned a level 1 spell: Shock
  1716 | D:2      | Reached skill level 1 in Fighting
  2122 | D:2      | Reached skill level 4 in Spellcasting
  2555 | D:3      | Reached XP level 4. HP: 22/32 MP: 0/0
  2930 | D:3      | You are sucked into a shaft and drop 3 floors!
  2930 | D:6      | Noticed an ice beast
  2938 | D:6      | Killed an ice beast
  2939 | D:6      | Reached XP level 5. HP: 6/38 MP: 0/0
  2939 | D:6      | Learned a level 2 spell: Call Imp
  3261 | D:6      | Noticed a centaur
  3414 | D:6      | Noticed a sky beast
  3433 | D:6      | Slain by a sky beast

Illustrated notes

Levels and vault maps discovered:
D:1:      nagdon_arrival_zigzag_paths, layout_basic, fountainhead
D:2:      layout_loops_corners
D:3:      layout_basic, uniq_grinder
D:6:      layout_basic

Skill      XL: |  1  2  3  4  5 |
---------------+----------------+-----
Fighting       | 1 2 |  2.0
Spellcasting   | 4 |  4.8
Dodging        | |  2.1
Stealth        | |  1.5

Action                   |  1- 3 |  4- 6 || total
-------------------------+-------+-------++-------
 Cast: Magic Dart        |    80 |    22 ||   102
       Searing Ray       |     2 |     6 ||     8
       Dazzling Flash    |       |     2 ||     2
       Call Imp          |       |     1 ||     1
Armor: Robe              |     1 |     1 ||     2
Dodge: Dodged            |     2 |     4 ||     6

Table legend: (Time is in decaauts)
 A = Elapsed time spent in this place.
 B = Non-inter-level travel time spent in this place.
 C = Inter-level travel time spent in this place.
 D = Time resting spent in this place.
 E = Time spent auto-exploring this place.
 F = Levels seen in this place.
 G = Mean time per level.
                   A        B        C        D        E       F      G
               +--------+--------+--------+--------+--------+-----+--------+
         Total |   3432 |   3374 |     58 |    774 |   2319 |   4 |  858.0 |
       Dungeon |   3432 |   3374 |     58 |    774 |   2319 |   4 |  858.0 |
               +--------+--------+--------+--------+--------+-----+--------+

Top non-repeatable levels by time:
     D:1: 1326 daAuts
     D:2: 1116 daAuts
     D:6: 502 daAuts
     D:3: 486 daAuts
